 Dungeon Crawl Stone Soup version 0.19-a0-1720-gc855d72 (webtiles) character file.

3119 kae the Carver (level 10, -5/70 HPs)
             Began as a Formicid Fighter on Sept 29, 2016.
             Was a Priest of Makhleb.
             Slain by an orc knight
             ... wielding a +0 glaive
              (14 damage)
             ... in a bailey.
             The game lasted 00:11:10 (9798 turns).

kae the Carver (Formicid Fighter)                   Turns: 9798, Time: 00:11:11

Health: -5/70      AC: 10    Str: 25    XL:     10   Next: 14%
Magic:  10/10      EV:  8    Int: 11    God:    Makhleb [***...]
Gold:   411        SH: 10    Dex: 10    Spells: 0 memorised, 9 levels left

rFire  . . .     SeeInvis +     a - +1 long sword
rCold  . . .     Gourm    .     b - +0 scale mail
rNeg   . . .     Faith    .     c - +1 shield
rPois  .         Spirit   .     (helmet unavailable)
rElec  .         Dismiss  .     (no cloak)
rCorr  .         Reflect  .     (no gloves)
MR     +....     Harm     .     n - +1 pair of boots
Stlth  ..........               (no amulet)
                                (no ring)
                                s - +4 ring of intelligence

@: very slightly contaminated
A: permanent stasis, dig shafts and tunnels, four strong arms, antennae 3
a: Dig, Shaft Self, Minor Destruction, Lesser Servant of Makhleb, Renounce
Religion


You were in a bailey.
You worshipped Makhleb.
Makhleb was most pleased with you.
You were very hungry.

You visited 2 branches of the dungeon, and saw 9 of its levels.
You also visited: Bailey.

You collected 411 gold pieces.

Inventory:

Hand Weapons
 a - a +1 long sword (weapon)
Armour
 b - a +0 scale mail (worn)
 c - a +1 shield (worn)
 n - a +1 pair of boots (worn)
 x - a +0 large shield of poison resistance
 y - a +0 fire dragon armour
Jewellery
 s - a +4 ring of intelligence (left hand)
Wands
 e - a wand of digging (17/24)
 w - a wand of teleportation (0/9)
 z - a wand of digging (13/24)
 G - a wand of iceblast (0/15)
Scrolls
 p - 4 scrolls of immolation
 t - a scroll of enchant armour
 u - 2 scrolls of silence
 v - a scroll of enchant weapon
Potions
 d - 2 potions of brilliance
 i - 2 potions of curing
 k - a potion of cancellation
 l - 2 potions of mutation
 o - a potion of agility
 q - a potion of beneficial mutation
 r - 2 potions of flight
 A - a potion of lignification
 B - a potion of resistance
 C - a potion of heal wounds
 D - a potion of magic
Books
 h - a book of the Warp

   Spells                             Type                      Level
   a - Gell's Gravitas                Hexes/Translocation          3
   b - Force Lance                    Conjuration/Translocation    4
   c - Summon Forest                  Summoning/Translocation      5
   d - Dispersal                      Translocation                6
   e - Controlled Blink               Translocation                8
   f - Disjunction                    Translocation                8
Comestibles
 f - 4 bread rations
 g - 7 meat rations
 j - 2 beef jerkies
 m - 6 fruits
 F - a royal jelly
 H - a slice of pizza


   Skills:
 + Level 3.4 Fighting
 * Level 13.1 Long Blades
 - Level 3.2 Armour
 - Level 3.6 Shields
 + Level 0.5 Invocations


You had 9 spell levels left.
You didn't know any spells.

Dungeon Overview and Level Annotations

Branches:
Dungeon (8/15)             Temple (1/1) D:4
   Lair: D:8-11

Altars:
Ashenzari
Cheibriados
Dithmenos
Fedhas
Gozag
Hepliaklqana
Kikubaaqudgha
Makhleb
Nemelex Xobeh
Okawaru
Qazlal
Sif Muna
Trog
Uskayaw
Vehumet
Xom
Yredelemnul
Zin
The Shining One


Innate Abilities, Weirdness & Mutations

You are under a permanent stasis effect.
You can dig through walls and to a lower floor.
Your four strong arms can wield two-handed weapons with a shield.
You have a pair of large antennae on your head. (SInv)


Message History

The orc knight barely misses you.
Your shield prevents you from hitting the orc knight.
You hit the orc knight but do no damage.
The orc knight hits you with a glaive!
You slash the orc knight!
The orc knight is lightly wounded.
The orc knight hits you with a glaive!!
You strike the helpless orc knight from behind!
You hit the orc knight.
The orc knight is moderately wounded.
You flicker back into view.
You hit the orc knight but do no damage.
The orc knight is moderately wounded.
The orc knight hits you with a glaive!!
* * * LOW HITPOINT WARNING * * *
You are too injured to fight recklessly!
You are too injured to fight recklessly!
You can't shaft yourself on this level.
The orc knight hits you from afar with a glaive!
You die...

##..≈≈.....≈≈..##
##########..≈≈..###..≈≈..##
#..........≈≈..## ##..≈≈...
#.≈≈≈≈≈≈≈≈≈≈..##.∩.##..≈≈≈≈
#.≈.....)))..##.....##.....
#.≈.#############+###'#####
#.≈.##.....##.........## $$
#.≈..##.o.##..≈≈≈≈≈≈≈§.##..
#.≈≈..##.#@..≈≈o....≈≈..##.
##.≈≈..#+#..≈≈o)⌠⌠⌠..≈≈..#'
#∩.≈≈..#+#..≈≈o..⌠...≈≈..#'
#.≈≈..##.##..≈≈o....§§..##.
#.≈..##.$.##..≈≈≈≈≈≈§..#'..
#.≈.##.$$$.##.........##...
#.≈.#############'#########
#.≈.)........##.....##.....
#.≈≈≈≈≈≈≈#.#..##.).##..≈≈≈≈


You could see 2 orc knights and 3 orc warriors.

Vanquished Creatures
  Edmund (D:5)
  A water moccasin (D:8)
  A black bear (D:8)
  2 ice beasts
  3 orc warriors
  3 ogres
  4 centaurs
  A big kobold (D:7)
  2 bullfrogs
  2 scorpions
  A bullfrog zombie (D:5)
  A centaur zombie (D:5)
  A quasit (D:6)
  3 hounds
  4 crimson imps
  6 orc wizards
  2 gnoll shamans
  2 bullfrog skeletons
  9 orc priests
  An iguana (D:6)
  4 worker ants
  A killer bee zombie (D:7)
  A hound skeleton (D:8)
  17 adders
  12 gnolls
  2 shadow imps
  An ooze (D:4)
  An adder zombie (D:6)
  3 worms
  2 dart slugs
  8 leopard geckos
  32 orcs
  3 ball pythons
  7 bats
  7 giant cockroaches
  6 goblins
  6 hobgoblins
  3 jackals
  3 quokkas
  4 frilled lizards
  18 kobolds
  A quokka zombie (D:6)
  5 rats
197 creatures vanquished.

Notes
Turn   | Place    | Note
-------+----------+-------------------------------------------
     0 | D:1      | kae the Formicid Fighter began the quest for the Orb.
     0 | D:1      | Reached XP level 1. HP: 18/18 MP: 1/1
    24 | D:1      | Found a shattered altar of Ashenzari.
   219 | D:1      | Reached XP level 2. HP: 16/24 MP: 2/2
   415 | D:1      | Reached skill level 3 in Long Blades
   892 | D:2      | Reached XP level 3. HP: 29/29 MP: 3/3
  1241 | D:2      | Reached skill level 4 in Long Blades
  1241 | D:2      | Reached XP level 4. HP: 35/35 MP: 4/4
  1278 | D:2      | Found a blossoming altar of Fedhas.
  2368 | D:3      | Reached XP level 5. HP: 40/41 MP: 5/5
  2385 | D:3      | Reached skill level 5 in Long Blades
  3241 | D:3      | HP: 2/41 [gnoll/halberd (3)]
  3242 | D:3      | Reached XP level 6. HP: 3/47 MP: 6/6
  3844 | D:4      | Reached skill level 6 in Long Blades
  3887 | D:4      | Found a staircase to the Ecumenical Temple.
  3900 | Temple   | Entered the Ecumenical Temple
  4170 | Temple   | Became a worshipper of Makhleb the Destroyer
  4945 | D:5      | Entered Level 5 of the Dungeon
  4991 | D:4      | Reached XP level 7. HP: 31/52 MP: 7/7
  5113 | D:5      | Reached skill level 7 in Long Blades
  5323 | D:5      | Reached skill level 8 in Long Blades
  5497 | D:5      | Found a hazy altar of Hepliaklqana.
  5530 | D:5      | Reached XP level 8. HP: 56/58 MP: 8/8
  5720 | D:5      | Noticed Edmund
  5739 | D:5      | Killed Edmund
  5739 | D:5      | Reached skill level 9 in Long Blades
  6046 | D:6      | Reached * piety under Makhleb
  6229 | D:6      | Reached skill level 10 in Long Blades
  6938 | D:6      | Reached XP level 9. HP: 53/64 MP: 9/9
  7224 | D:6      | Found a glowing silver altar of Zin.
  7354 | D:7      | Reached ** piety under Makhleb
  7370 | D:7      | Reached skill level 11 in Long Blades
  8159 | D:7      | Reached skill level 12 in Long Blades
  8326 | D:7      | Found a deep blue altar of Sif Muna.
  8555 | D:8      | Found a stormy altar of Qazlal.
  8732 | D:8      | Found a hide-covered altar of Uskayaw.
  8767 | D:8      | Reached XP level 10. HP: 70/70 MP: 10/10
  8896 | D:8      | Reached *** piety under Makhleb
  8948 | D:8      | Found a flagged portal.
  8955 | Bailey   | Entered a bailey
  9193 | Bailey   | Noticed an orc knight
  9232 | Bailey   | Reached skill level 13 in Long Blades
  9788 | Bailey   | Noticed an orc knight
  9798 | Bailey   | Slain by an orc knight

Vault maps used:
D:1:      minmay_arrival_semitransparent, minmay_misc_feat_tiny,
          minmay_misc_feat_enclosed, hangedman_abyss_or_decor_stabs,
          st_stairs_14, evilmike_ruin_ashenzari
D:2:      lemuel_doored_altar, first_bread
D:5:      overflow_temple_1_default, uniq_edmund
D:6:      kennysheep_mini, minmay_curled_crystal, corexii_shack,
          serial_bayou_pond_c
D:7:      kennysheep_mini_moat
D:8:      nicolae_qazlal_style_of_elements, lemuel_round_altar,
          lemuel_round_altar, enter_bailey_2
Temple:   oiseaux_autumnal_temple
Bailey:   bailey_polearm_1, bailey

Skill      XL: |  1  2  3  4  5  6  7  8  9 10 |
---------------+-------------------------------+-----
Long Blades    | 3 4 5 6 8 10 12 13 | 13.1
Fighting       | |  3.4
Armour         | |  3.2
Shields        | |  3.6
Invocations    | |  0.5

Action                   |  1- 3 |  4- 6 |  7- 9 | 10-12 || total
-------------------------+-------+-------+-------+-------++-------
Melee: Long sword        |    88 |   286 |   469 |    83 ||   926
 Abil: Dig               |       |     1 |     9 |     5 ||    15
Evoke: Wand              |       |       |       |     5 ||     5
  Use: Scroll            |     2 |     6 |    13 |       ||    21
       Potion            |       |       |     4 |     1 ||     5
 Stab: Invisible         |       |       |       |     2 ||     2
  Eat: Chunk             |     1 |    11 |    14 |     3 ||    29
       Beef jerky        |       |     1 |       |       ||     1
Armor: Scale mail        |    32 |   113 |   113 |    27 ||   285
Dodge: Dodged            |    22 |    90 |    78 |    19 ||   209
Block: Shield            |    47 |   143 |   170 |    30 ||   390
